 Dungeon Crawl Stone Soup version 0.25.0-10-g039870ee82 (webtiles) character file.

Game seed: 5374975384716488068

6795 Delamore the Bludgeoner (level 11, -4/60 HPs)
             Began as a Gargoyle Fighter on June 23, 2020.
             Was a High Priest of Okawaru.
             Slain by a hippogriff (7 damage)
             ... on level 7 of the Dungeon.
             The game lasted 00:13:03 (10005 turns).

Delamore the Bludgeoner (Gargoyle Fighter)         Turns: 10005, Time: 00:13:03

Health: -4/60      AC: 27    Str: 24    XL:     11   Next: 5%
Magic:  2/2        EV:  7    Int:  8    God:    Okawaru [*****.]
Gold:   609        SH:  9    Dex:  9    Spells: 10/10 levels left

rFire    . . .     SeeInvis .   v - +4 flail (protect)
rCold    . . .     Gourm    .   c - +0 kite shield
rNeg     + . .     Faith    .   G - +0 scale mail "Jagedgh" {rPois Regen+ MP-9 Stlth+}
rPois    ∞         Spirit   .   m - +0 helmet
rElec    +         Reflect  .   A - +0 cloak
rCorr    .         Harm     .   t - +1 pair of gloves
MR       .....                  x - +0 pair of boots
Stlth    +.........             (no amulet)
HPRegen  0.60/turn              (no ring)
MPRegen  0.08/turn              (no ring)

@: mighty, brilliant, protection aura
A: negative energy resistance 1, electricity resistance, unbreathing,
petrification resistance, rot immunity, AC +8
a: Heroism, Finesse, Renounce Religion


You were on level 7 of the Dungeon.
You worshipped Okawaru.
Okawaru was extremely pleased with you.
You were not hungry.

You visited 2 branches of the dungeon, and saw 11 of its levels.
You also visited: Ossuary.

You collected 653 gold pieces.
You spent 44 gold pieces at shops.

Inventory:

Hand Weapons
 v - a +4 flail of protection (weapon)
 B - a +0 whip of electrocution
Missiles
 l - 3 silver javelins
 q - 8 poisoned darts (quivered)
Armour
 c - a +0 kite shield (worn)
 m - a +0 helmet (worn)
 t - a +1 pair of gloves (worn)
 x - a +0 pair of boots (worn)
 A - a +0 cloak (worn)
 G - the +0 scale mail "Jagedgh" (worn) {rPois Regen+ MP-9 Stlth+}
   (You bought it in a shop on level 7 of the Dungeon)

   It protects you from poison.
   It affects your magic capacity (-9).
   It increases your rate of regeneration.
   It makes you more stealthy.
 J - a +2 chain mail of cold resistance
Wands
 b - a wand of polymorph (5)
 D - a wand of enslavement (11)
 I - a wand of clouds (5)
Scrolls
 a - a scroll of identify
 e - a scroll of noise {unknown}
 g - 5 scrolls of enchant weapon {unknown}
 h - 2 scrolls of immolation
 i - a scroll of fear
 k - 2 scrolls of remove curse
 n - 2 scrolls of magic mapping
 r - 2 scrolls of blinking
 u - 3 scrolls of teleportation
 y - 2 scrolls of fog
Potions
 o - 9 potions of curing
 p - 3 potions of lignification
 s - 3 potions of degeneration
 w - 2 potions of stabbing
 z - 2 potions of mutation
 C - a potion of invisibility {unknown}
 E - a potion of heal wounds {unknown}
 H - a potion of magic
 K - a potion of cancellation {unknown}
Comestibles
 f - 12 rations
 F - 6 chunks of flesh


   Skills:
 - Level 3.2 Fighting
 + Level 15.6 Maces & Flails
 - Level 3.2 Armour
 - Level 3.2 Shields


You had 10 spell levels left.
You didn't know any spells.
Your spell library contained the following spells:

 Spells                   Type           Power        Failure   Level  Hunger
 Summon Small Mammal      Summ           #...         99%         1    None
 Call Imp                 Summ           #.......     100%        2    None
 Call Canine Familiar     Summ           #.......     100%        3    None
 Confusing Touch          Hex            #.......     100%        3    None
 Gell's Gravitas          Tloc           #.........   100%        3    None
 Summon Guardian Golem    Hex/Summ       #.......     100%        3    None
 Petrify                  Tmut/Erth      #.......     100%        4    None
 Summon Ice Beast         Ice/Summ       #.......     100%        4    None
 Summon Lightning Spire   Summ/Air       #.......     100%        4    None
 Metabolic Englaciation   Hex/Ice        #.........   100%        5    None
 Yara's Violent Unravell  Hex/Tmut       #.........   100%        5    None


Dungeon Overview and Level Annotations

Branches:
Dungeon (10/15)            Temple (1/1) D:4            Lair (0/6) D:8
    Orc (0/2) D:9         Ossuary (visited)

Altars:
Ashenzari
Cheibriados
Dithmenos
Elyvilon
Fedhas
Gozag
Hepliaklqana
Kikubaaqudgha
Makhleb
Nemelex Xobeh
Okawaru
Qazlal
Ru
Sif Muna
Trog
Uskayaw
Vehumet
Wu Jian
Xom
Yredelemnul
Zin
The Shining One

Shops:
D:7 [

Annotations:
D:7 1 transporter, kalagan's ghost, novice GrFi


Innate Abilities, Weirdness & Mutations

You are resistant to torment.
Your stone body is resilient. (AC +8)
You are immune to poison.
You resist negative energy. (rN+)
You are resistant to electric shocks. (rElec)
You can survive without breathing.
You are immune to petrification.
You are immune to rotting.


Message History

The hippogriff claws you but does no damage.
The water moccasin bites you but does no damage.
You block the moth of wrath's attack. You block the hippogriff's attack.
The hippogriff completely misses you.
The hippogriff claws you but does no damage.
You closely miss the moth of wrath.
The moth of wrath is severely wounded.
The water moccasin bites you. The hippogriff bites you!
* * * LOW HITPOINT WARNING * * *
The hippogriff pecks you but does no damage.
The hippogriff claws you.
* * * LOW HITPOINT WARNING * * *
You block the water moccasin's attack. The hippogriff barely misses you.
The hippogriff pecks you but does no damage.
You block the hippogriff's attack. The moth of wrath bites you.
* * * LOW HITPOINT WARNING * * *
It was a potion of brilliance.
You feel clever all of a sudden. The hippogriff bites you!
You die...

.........#..... ##.......'......>
#.##..#.##..#....##......########
......#.#.#...#..©#......# #
#.###.#.# .#.##..##......# #
...##.#.##.#...#.#©......# #
#..#.....#$#.....##.###### #
.....#..©#)[.©#...#.# #
.........#$.#..H#H#.# #
#..####.##..y..#@##.# #
.(....#.#..#.#.yS#..######## #
#..##'#.#.H#.#...#.##(.....# #
#..#....##.......#.##.####)# #
#..#.....###...###.##.# #.# #
#..#.......#####...##.# #.# #
#..#..............###.# #.######
#..#..#.###...+...'...# #.......
#..####.#######...###############


You could see a moth of wrath, 2 hippogriffs and a water moccasin (berserk).

Vanquished Creatures
  A two-headed ogre (D:9)
  Pikel (D:5)
  An elephant (D:8)
  A merfolk (D:9)
  A hippogriff (D:7)
  Sigmund (D:2)
  2 wyverns (D:9)
  2 basilisks
  A human (D:9)
  A warg (D:9)
  Edmund (D:4)
  A sky beast (D:7)
  2 orc warriors
  A slave (D:5)
  An ice beast (D:5)
  A black bear (D:9)
  3 necrophages (D:8)
  2 phantoms
  An ogre (D:3)
  3 centaurs
  A crocodile (D:9)
  A big kobold (D:8)
  4 elf zombies (Ossuary)
  2 bullfrogs
  A water moccasin skeleton (D:8)
  4 killer bees (D:9)
  5 centaur zombies (Ossuary)
  7 crimson imps
  A quasit (D:8)
  A bullfrog zombie (D:9)
  3 human zombies (Ossuary)
  2 hounds
  2 jellies
  7 orc priests
  6 orc wizards
  Crazy Yiuf (D:4)
  A bullfrog skeleton (D:4)
  Natasha (twice) (D:2)
  8 worker ants
  2 iguanas
  A hound zombie (D:8)
  2 hound skeletons
  3 mummies (Ossuary)
  A worker ant zombie (D:8)
  A howler monkey zombie (D:10)
  13 adders
  10 gnolls
  3 shadow imps
  An ooze (D:2)
  An adder skeleton (D:5)
  3 dart slugs
  4 worms
  2 leopard geckos
  24 orcs
  7 giant cockroaches
  13 goblins
  9 hobgoblins
  15 jackals
  4 quokkas
  A ball python (D:3)
  15 bats
  3 frilled lizards
  8 kobolds
  2 leopard gecko zombies (D:8)
  A quokka skeleton (D:8)
  2 quokka zombies (D:8)
  7 rats
  A bush (D:8)
  3 plants
249 creatures vanquished.

Notes
Turn   | Place    | Note
-------+----------+-------------------------------------------
     0 | D:1      | Delamore the Gargoyle Fighter began the quest for the Orb.
     0 | D:1      | Reached XP level 1. HP: 14/14 MP: 1/1
   198 | D:1      | Reached XP level 2. HP: 15/19 MP: 2/2
   544 | D:1      | Reached skill level 3 in Maces & Flails
   730 | D:1      | Reached XP level 3. HP: 18/23 MP: 3/3
  1396 | D:2      | Reached skill level 4 in Maces & Flails
  1503 | D:2      | Noticed Sigmund
  1685 | D:2      | Reached XP level 4. HP: 28/28 MP: 4/4
  1782 | D:2      | HP: 1/28 [Sigmund/magic dart (7)]
  1794 | D:2      | Killed Sigmund
  1794 | D:2      | Reached skill level 6 in Maces & Flails
  1794 | D:2      | Reached XP level 5. HP: 15/32 MP: 5/5
  2010 | D:2      | Reached XP level 6. HP: 37/37 MP: 6/6
  2251 | D:2      | Noticed Natasha
  2258 | D:2      | Killed Natasha
  2465 | D:2      | Noticed Natasha
  2475 | D:2      | Killed Natasha
  2711 | D:3      | Reached skill level 7 in Maces & Flails
  3314 | D:4      | Reached XP level 7. HP: 41/41 MP: 7/7
  3677 | D:4      | Found a shattered altar of Ashenzari.
  3678 | D:4      | Noticed Edmund
  3733 | D:3      | Reached skill level 8 in Maces & Flails
  4023 | D:4      | Killed Edmund
  4357 | D:4      | Reached skill level 9 in Maces & Flails
  4357 | D:4      | Reached XP level 8. HP: 34/46 MP: 8/8
  4486 | D:4      | Found a staircase to the Ecumenical Temple.
  4496 | Temple   | Entered the Ecumenical Temple
  4580 | Temple   | Became a worshipper of Warmaster Okawaru
  4870 | D:4      | Found a runed translucent door.
  4871 | D:4      | Noticed Crazy Yiuf
  4993 | D:4      | Killed Crazy Yiuf
  5024 | D:5      | Entered Level 5 of the Dungeon
  5070 | D:5      | Found a sand-covered staircase.
  5074 | Ossuary  | Entered an ossuary
  5201 | Ossuary  | Reached skill level 10 in Maces & Flails
  5336 | Ossuary  | Reached * piety under Okawaru
  5567 | D:5      | Found a shimmering altar of Xom.
  5571 | D:5      | Reached skill level 11 in Maces & Flails
  5579 | D:5      | Reached XP level 9. HP: 51/51 MP: 9/9
  6063 | D:6      | Noticed Pikel
  6096 | D:5      | Killed Pikel
  6096 | D:5      | Reached ** piety under Okawaru
  6096 | D:5      | Reached skill level 12 in Maces & Flails
  6162 | D:6      | Found a glowing silver altar of Zin.
  6162 | D:6      | Found a hazy altar of Hepliaklqana.
  6449 | D:6      | Found a sparkling altar of Nemelex Xobeh.
  6555 | D:6      | Found a basalt altar of Yredelemnul.
  6592 | D:6      | Found a white marble altar of Elyvilon.
  6660 | D:6      | Found an opulent altar of Gozag.
  7023 | D:7      | Found a transporter.
  7028 | D:7      | You fall into a shaft and drop 3 floors!
  7028 | D:10     | Entered Level 10 of the Dungeon
  7173 | D:7      | Found Gathrisoph's Armour Shop.
  7174 | D:7      | Found a transporter.
  7179 | D:7      | Bought the +0 scale mail "Jagedgh" {rPois Regen+ MP-9
                  | Stlth+} for 44 gold pieces
  7210 | D:7      | Noticed kalagan's ghost (novice GrFi)
  7228 | D:7      | Noticed a moth of wrath
  7245 | D:7      | Reached skill level 13 in Maces & Flails
  7839 | D:8      | Reached *** piety under Okawaru
  8097 | D:8      | Found a blossoming altar of Fedhas.
  8272 | D:8      | Found a staircase to the Lair.
  8272 | D:8      | Noticed an elephant
  8295 | D:7      | Reached XP level 10. HP: 46/56 MP: 1/10
  8326 | D:8      | Killed an elephant
  8368 | D:8      | Reached **** piety under Okawaru
  8368 | D:8      | Reached skill level 14 in Maces & Flails
  8989 | D:9      | Noticed a two-headed ogre
  9003 | D:9      | Killed a two-headed ogre
  9080 | D:9      | Reached skill level 15 in Maces & Flails
  9128 | D:9      | Found a staircase to the Orcish Mines.
  9836 | D:9      | Reached XP level 11. HP: 60/60 MP: 2/11
  9894 | D:9      | Reached ***** piety under Okawaru
 10004 | D:7      | HP: 2/60 [moth of wrath (3)]
 10005 | D:7      | Slain by a hippogriff

Illustrated notes

Levels and vault maps discovered:
D:1:      giann_wishing_wells, layout_basic, minmay_misc_feat_x,
          chequers_serial_rivers_small_3
D:2:      layout_loops_cross, serial_bayou_lagoon_a, kennysheep_donut,
          uniq_natasha, uniq_sigmund
D:3:      layout_basic, minmay_misc_feat_roman
D:4:      layout_loops_ring, cheibrodos_ashenzari_chains, temple_pool_b,
          first_ration, roderic_roman_lattice, uniq_crazy_yiuf_cottage,
          uniq_edmund
D:5:      kennysheep_big_flooded_room, layout_basic, led_xom_imps,
          nicolae_ossuary_entry_false_entrances
D:6:      layout_rooms, kennysheep_mini_moat,
          gammafunk_temple_overflow_forgotten, basic_altar, minivault_22,
          elyvilon_altar_1, uniq_pikel
D:7:      layout_basic, gammafunk_ghost_berserking_beasts, serial_shops,
          shop_fountains
D:8:      layout_cave_pods, fedhas_altar_decomposition, david_lair_generic
D:9:      layout_stronghold, erik_orc_4, hangedman_fish_farm,
          serial_park_tiny_pond
D:10:     layout_roguey, serial_corexii_hall, corexii_hall_statues_u,
          corexii_hall_statues_i, corexii_hall_statues_u,
          chequers_hall_statues_wall_a
Temple:   regret_index_temple_waves

Skill      XL: |  1  2  3  4  5  6  7  8  9 10 |
---------------+-------------------------------+-----
Maces & Flails | 3 4 6 7 9 11 13 15 | 15.6
Fighting       | |  3.2
Armour         | |  3.2
Shields        | |  3.2

Action                   |  1- 3 |  4- 6 |  7- 9 | 10-12 || total
-------------------------+-------+-------+-------+-------++-------
Melee: Flail             |   171 |   209 |   503 |   307 ||  1190
Throw: Dart              |       |     2 |     2 |     5 ||     9
  Use: Potion            |       |     2 |       |     2 ||     4
       Scroll            |       |     3 |    10 |       ||    13
  Eat: Chunk             |     3 |     5 |    16 |     7 ||    31
Armor: Scale mail        |   102 |   122 |   275 |   175 ||   674
Dodge: Dodged            |    56 |    90 |   121 |    76 ||   343
Block: Kite shield       |   107 |   136 |   211 |   119 ||   573
